 Dungeon Crawl Stone Soup version 0.30-a0-967-g9b59a09336 (webtiles) character file.

Game seed: 5408377622303972244

252 Grim the Conjurer (level 5, -2/28 HPs)
             Began as a Deep Elf Conjurer on Mar 31, 2023.
             Succumbed to their own poison gas
             ... on level 4 of the Dungeon.
             The game lasted 00:06:23 (3559 turns).

Grim the Conjurer (Deep Elf Conjurer)               Turns: 3559, Time: 00:06:23

Health: -2/28      AC:  5    Str:  4    XL:     5   Next: 89%
Magic:  11/15      EV: 26    Int: 25    God:
Gold:   142        SH:  0    Dex: 13    Spells: 9/16 levels left

rFire   . . .      SeeInvis .    t - +2 falchion (holy)
rCold   . . .      Faith    .    w - orb {mayhem}
rNeg    . . .      Spirit   .    e - +0 leather armour
rPois   .          Reflect  .    u - +0 helmet
rElec   .          Rampage  .    (no cloak)
rCorr   .                        f - +0 pair of gloves {hurl}
Will    .....                    (no boots)
Stlth   ++                       i - amulet of the acrobat
HPRegen 0.24/turn                h - ring of wizardry
MPRegen 0.14/turn                (no ring)

@: lethally poisoned (-2 -> -20), weak-willed, acrobatic
A: no striking features
a: no special abilities


You were on level 4 of the Dungeon.
You visited 1 branch of the dungeon, and saw 4 of its levels.

You collected 142 gold pieces.

Inventory:

Hand Weapons
 l - a +2 spectral club
 t - a +2 falchion of holy wrath (weapon)
Armour
 a - a +0 robe
 e - a +0 leather armour (worn)
 f - a +0 pair of gloves of hurling (worn)
 u - a +0 helmet (worn)
 w - an orb of mayhem (worn)
Jewellery
 h - a ring of wizardry (left hand)
 i - an amulet of the acrobat (around neck)
 r - a +6 ring of intelligence
Wands
 k - a wand of digging (4)
 v - a wand of flame (34)
Scrolls
 d - a scroll of vulnerability
 p - a scroll of immolation
Potions
 b - a potion of magic
 g - a potion of haste {unknown}
 j - a potion of invisibility {unknown}
 n - 2 potions of curing
 o - 2 potions of resistance {unknown}


   Skills:
 - Level 2.4 Dodging
 - Level 2.4 Stealth
 + Level 6.0 Spellcasting
 + Level 6.2 Conjurations
 * Level 1.7 Hexes


You had 9 spell levels left.
You knew the following spells:

 Your Spells              Type           Power      Damage    Failure   Level
a - Magic Dart            Conj           100%       1d8       1%          1
b - Searing Ray           Conj           78%        2d7       1%          2
c - Fulminant Prism       Conj/Hex       13%        3d9       11%         4

Your spell library contained the following spells:

 Spells                   Type           Power      Damage    Failure   Level
 Dazzling Flash           Conj/Hex       54%        N/A       3%          3
 Ensorcelled Hibernation  Hex/Ice        22%        N/A       6%          2
 Spider Form              Tmut/Pois      7%         N/A       16%         3
 Iskenderun's Mystic Bla  Conj/Tloc      23%        2d6       16%         4
 Anguish                  Hex/Necr       5%         N/A       34%         4


Dungeon Overview and Level Annotations

Branches:
Dungeon (4/15)
 Temple: D:4-7

Altars:
Hepliaklqana
Zin

Annotations:
D:4 Edmund


Message History

2 orcs come into view.
As you read the scroll labelled XAOCRY NIECAR, it crumbles to dust.
The orc shouts!
Magic quickly surges around you.
It was a scroll of vulnerability.
The phantom barely misses you. The phantom hits you.
* * * LOW HITPOINT WARNING * * *
The phantom blinks!
You blink.
It was a potion of curing.
You feel better. The phantom closely misses you.
As you read the scroll labelled EROCAT QEHI, it crumbles to dust.
You assume a fearsome visage.
The phantom is unaffected. x2
It was a scroll of fear.
The phantom barely misses you.
The phantom hits you but does no damage.
As you read the scroll labelled HYKHLI HIWNANAA, it crumbles to dust.
It is a scroll of identify.
p - a scroll of immolation The phantom hits you but does no damage.
The air fills with toxic fumes!
As you read the scroll labelled GITTAS FARAJEASM, it crumbles to dust.
It was a scroll of poison.
The phantom completely misses you.
As you read the scroll labelled HADEUGAAV, it crumbles to dust.
Wisps of shadow whirl around you...
It was a scroll of summoning.
The phantom completely misses you.
Really walk into that cloud of poison gas?
Okay, then.
Casting: Searing Ray (safe; 1% risk of failure)
Confirm with . or Enter, or press ? or * to list all spells.
Aiming: Searing Ray (safe; 1% risk of failure)
Press: ? - help, Shift-Dir - straight line, f/p - phantom
Aim: a phantom (poison gas, severely damaged, weak-willed, 73% to hit)
The searing ray hits the phantom!
The phantom is almost destroyed. (Press . to maintain the ray.)
The phantom hits you.
* * * LOW HITPOINT WARNING * * *
The phantom blinks!
You blink.
Your kobold is engulfed in poison gas.
Your kobold is poisoned.
You are engulfed in poison gas.
You are lethally poisoned!
* * * LOW HITPOINT WARNING * * *
You die...

..#....# ..#....#
#.......# ..#....#
#.......# .§#....+
+.......# ..'....#
#...§...#
###....########§§§§...##+#
.........§K§§§§§§§§.......
.........§§§§W§§§W§.......
.........§J§§.§§@§§.......
.........§§§§§§§§§§o....o.
.........§§§§§§§§§§o......
...############+########o.
...# #.. ...# #... ...+
#.... ...# #....# ...##+#
#....#


You could see 2 phantoms, 2 orcs, a friendly endoplasm (summoned) and a friendly
kobold (summoned, poisoned).

Vanquished Creatures
  Jessica (D:2)
  Ijyb (D:4)
  Natasha (thrice) (D:3)
  Robin (D:3)
  4 adders
  3 worms (D:2)
  A dart slug (D:2)
  4 orcs (D:3)
  6 ball pythons
  4 endoplasms
  2 giant cockroaches
  15 goblins
  6 hobgoblins
  7 quokkas
  A bat (D:2)
  3 frilled lizards
  4 kobolds
  A rat (D:1)
67 creatures vanquished.

Notes
Turn   | Place    | Note
-------+----------+-------------------------------------------
     0 | D:1      | Grim the Deep Elf Conjurer began the quest for the Orb.
     0 | D:1      | Reached XP level 1. HP: 10/10 MP: 6/6
   232 | D:1      | Reached XP level 2. HP: 15/15 MP: 4/8
   235 | D:1      | Learned a level 2 spell: Searing Ray
  1061 | D:2      | Noticed Jessica
  1065 | D:2      | Killed Jessica
  1066 | D:2      | Reached skill level 5 in Conjurations
  1066 | D:2      | Reached XP level 3. HP: 19/19 MP: 5/10
  1434 | D:2      | Found a faded altar of an unknown god.
  1673 | D:2      | Reached XP level 4. HP: 24/24 MP: 8/12
  1973 | D:2      | Reached skill level 5 in Spellcasting
  2213 | D:3      | Noticed Natasha
  2220 | D:3      | Killed Natasha
  2289 | D:3      | Reached XP level 5. HP: 28/28 MP: 11/14
  2356 | D:3      | Noticed Natasha
  2359 | D:3      | Killed Natasha
  2634 | D:3      | Found a hazy altar of Hepliaklqana.
  2735 | D:3      | Noticed Robin
  2745 | D:3      | Killed Robin
  2935 | D:3      | Learned a level 4 spell: Fulminant Prism
  3128 | D:3      | Noticed Natasha
  3134 | D:3      | Killed Natasha
  3135 | D:3      | Reached skill level 1 in Hexes
  3352 | D:4      | Found a glowing silver altar of Zin.
  3366 | D:4      | Noticed Ijyb
  3375 | D:4      | Killed Ijyb
  3528 | D:4      | Noticed a phantom
  3540 | D:4      | Noticed a phantom
  3546 | D:4      | Noticed Edmund
  3559 | D:4      | Succumbed to their own poison gas

Illustrated notes

Levels and vault maps discovered:
D:1:      scummos_arrival_forest, layout_loops_cross
D:2:      layout_basic, shapermc_ecumenical_altar_mp_highgroup,
          minmay_nonomino_d4, uniq_jessica
D:3:      layout_loops_ring, worldfamousw_hep_ancestral_shrine,
          kennysheep_generic_room_12, uniq_robin, uniq_natasha
D:4:      layout_gridville, mainiacjoe_overflow_tiny_flanked, uniq_edmund,
          uniq_ijyb

Skill      XL: |  1  2  3  4  5 |
---------------+----------------+-----
Spellcasting   | 4 5 6 |  6.0
Conjurations   | 5 6 |  6.2
Hexes          | 1 |  1.7
Dodging        | |  2.4
Stealth        | |  2.4

Action                     |  1- 3 |  4- 6 || total
---------------------------+-------+-------++-------
  Melee: Falchion          |       |    13 ||    13
   Cast: Magic Dart        |    56 |    48 ||   104
         Searing Ray       |     2 |     9 ||    11
    Use: Scroll            |       |     5 ||     5
         Potion            |       |     1 ||     1
 Armour: Robe              |     2 |       ||     2
         Leather armour    |       |     8 ||     8
  Dodge: Dodged            |       |    36 ||    36

Table legend: (Time is in decaauts)
 A = Elapsed time spent in this place.
 B = Non-inter-level travel time spent in this place.
 C = Inter-level travel time spent in this place.
 D = Time resting spent in this place.
 E = Time spent auto-exploring this place.
 F = Levels seen in this place.
 G = Mean time per level.
                   A        B        C        D        E       F      G
               +--------+--------+--------+--------+--------+-----+--------+
         Total |   3562 |   3430 |    132 |    464 |   2565 |   4 |  890.5 |
       Dungeon |   3562 |   3430 |    132 |    464 |   2565 |   4 |  890.5 |
               +--------+--------+--------+--------+--------+-----+--------+

Top non-repeatable levels by time:
     D:2: 1263 daAuts
     D:3: 1228 daAuts
     D:1: 855 daAuts
     D:4: 215 daAuts
